General information
- name: BNet
- type: Ladder team game (AT/RT)
- host: Battle.net
- saver: amoodhouse
map: TwilightRuins
- players: 8
- length: 68:38
- speed: Fast
- version: 1.18 W3XP
- replay type: Public
» download(217 KB)
Players
team 1 (winner)
CircleOfLight (
purple | 29 APM | 928 actions | 31:31)
5 Archmage
3 Summon Water Elemental
2 Blizzard
6 Dreadlord
3 Vampiric Aura
2 Carrion Swarm
1 Inferno
» actions
| Basic commands | 19 | |
| Build / train | 114 | |
| Enter build submenu | 42 | |
| Enter hero's abilities submenu | 12 | |
| Remove unit from queue | 10 | |
| Right click | 195 | |
| Select / deselect | 467 | |
| Use ability | 69 | |
928 total
» units
| Peasant | 6 | |
| Acolyte | 2 | |
| Footman | 2 | |
| Ghoul | 13 | |
| Rifleman | 12 | |
| Crypt Fiend | 10 | |
| Mortar Team | 5 | |
| Abomination | 2 | |
52 total
» upgrades
| Cannibalize | 1 | |
| Masonry | 3 | |
| Swords | 0 | |
| Gunpowder | 3 | |
| Armor | 4 | |
| Unholy Strength | 1 | |
| Unholy Armor | 1 | |
| Long Rifles | 1 | |
| Lumber Harvesting | 2 | |
| Web | 1 | |
| Burrow | 1 | |
| Creature Attack | 3 | |
| Creature Carapace | 3 | |
| Flare | 1 | |
| Disease Cloud | 1 | |
| Fragmentation Shards | 1 | |
27 total
» buildings
| Altar of Kings | 1 | |
| Barracks | 2 | |
| Farm | 10 | |
| Lumber Mill | 1 | |
| Crypt | 4 | |
| Ziggurat | 8 | |
| Altar of Darkness | 2 | |
| Blacksmith | 1 | |
| Graveyard | 2 | |
| Nerubian Tower | 2 | |
| Keep | 1 | |
| Spirit Tower | 3 | |
| Workshop | 2 | |
| Halls of the Dead | 1 | |
| Black Citadel | 1 | |
| Slaughterhouse | 1 | |
| Scout Tower | 2 | |
| Cannon Tower | 1 | |
| Castle | 1 | |
| Guard Tower | 1 | |
| Sacrificial Pit | 1 | |
| Necropolis | 1 | |
49 total
» build order
00:13 Altar of Kings
00:19 Barracks
00:39 Farm
01:01 Farm
01:41 Lumber Mill
02:04 Crypt
02:09 Ziggurat
02:15 Altar of Darkness
02:44 Blacksmith
04:03 Ziggurat
04:52 Graveyard
05:16 Nerubian Tower
05:25 Keep
06:06 Farm
06:08 Farm
07:34 Spirit Tower
07:38 Ziggurat
07:43 Ziggurat
08:41 Workshop
08:44 Workshop
08:51 Barracks
09:22 Halls of the Dead
09:24 Spirit Tower
09:25 Nerubian Tower
09:39 Farm
09:41 Farm
11:58 Black Citadel
12:05 Slaughterhouse
12:33 Farm
12:35 Farm
13:17 Farm
13:18 Scout Tower
18:55 Cannon Tower
18:58 Scout Tower
19:01 Farm
19:25 Castle
20:05 Guard Tower
21:28 Ziggurat
21:31 Ziggurat
22:23 Spirit Tower
22:24 Nerubian Tower
27:09 Sacrificial Pit
27:18 Crypt
28:39 Necropolis
28:51 Crypt
28:54 Crypt
28:58 Ziggurat
29:01 Ziggurat
29:06 Graveyard
29:10 Altar of Darkness

»
xNubZx (
green | 0 APM | 0 actions | 68:38)
amoodhouse (
orange | 21 APM | 1457 actions | 68:38)
2 Dreadlord
2 Sleep
» actions
| Assign group hotkey | 14 | |
| Basic commands | 55 | |
| Build / train | 133 | |
| Enter build submenu | 47 | |
| Enter hero's abilities submenu | 2 | |
| Remove unit from queue | 14 | |
| Right click | 590 | |
| Select / deselect | 320 | |
| Select group hotkey | 125 | |
| Use ability | 157 | |
1457 total
» units
» buildings
| Moon Well | 8 | |
| Tree of Life | 2 | |
| Ancient of Wonders | 1 | |
| Necropolis | 67 | |
| Altar of Darkness | 1 | |
| Ziggurat | 7 | |
| Halls of the Dead | 1 | |
| Graveyard | 1 | |
| Spirit Tower | 1 | |
| Black Citadel | 1 | |
90 total
» build order
00:19 Moon Well
00:55 Moon Well
01:44 Tree of Life
02:28 Moon Well
02:31 Moon Well
03:09 Moon Well
03:16 Moon Well
03:57 Moon Well
03:59 Moon Well
08:41 Tree of Life
21:19 Ancient of Wonders
32:28 Necropolis
32:33 Necropolis
32:41 Necropolis
32:56 Necropolis
33:03 Necropolis
33:12 Necropolis
33:25 Necropolis
33:29 Necropolis
33:38 Necropolis
33:46 Necropolis
34:02 Necropolis
34:10 Necropolis
34:21 Necropolis
34:31 Necropolis
34:41 Necropolis
34:50 Necropolis
35:05 Necropolis
35:10 Necropolis
35:36 Necropolis
35:40 Necropolis
35:43 Necropolis
35:46 Necropolis
35:49 Necropolis
35:54 Necropolis
35:57 Necropolis
36:30 Necropolis
36:36 Necropolis
36:41 Necropolis
36:48 Necropolis
36:55 Necropolis
37:00 Necropolis
37:09 Necropolis
37:14 Necropolis
37:17 Necropolis
37:24 Necropolis
37:27 Necropolis
37:34 Necropolis
37:37 Necropolis
37:41 Necropolis
37:43 Necropolis
37:46 Necropolis
37:49 Necropolis
37:52 Necropolis
47:35 Necropolis
47:42 Necropolis
47:47 Necropolis
47:49 Necropolis
47:53 Necropolis
47:56 Necropolis
48:00 Necropolis
48:12 Necropolis
49:00 Necropolis
49:05 Necropolis
49:12 Necropolis
49:27 Necropolis
49:32 Necropolis
49:36 Necropolis
50:20 Necropolis
50:30 Necropolis
51:26 Necropolis
51:35 Necropolis
51:39 Necropolis
51:45 Necropolis
51:51 Necropolis
51:57 Necropolis
52:07 Necropolis
52:20 Necropolis
53:04 Altar of Darkness
53:40 Ziggurat
53:43 Ziggurat
53:45 Ziggurat
53:49 Ziggurat
53:53 Ziggurat
53:54 Ziggurat
53:55 Ziggurat
53:59 Halls of the Dead
54:07 Graveyard
55:32 Spirit Tower
59:31 Black Citadel
» items
| Periapt of Vitality | 1 | |
| Boots of Speed | 1 | |
| Potion of Invisibility | 1 | |
3 total
ps_voiture (
teal | 22 APM | 646 actions | 28:45)
3 Lich
2 Frost Nova
1 Frost Armor
2 Dreadlord
2 Carrion Swarm
» actions
| Build / train | 67 | |
| Enter build submenu | 14 | |
| Enter hero's abilities submenu | 5 | |
| Remove unit from queue | 3 | |
| Right click | 312 | |
| Select / deselect | 221 | |
| Use ability | 24 | |
646 total
» units
| Acolyte | 2 | |
| Ghoul | 3 | |
| Gargoyle | 28 | |
| Frost Wyrm | 7 | |
40 total
» upgrades
| Creature Attack | 3 | |
| Creature Carapace | 3 | |
| Freezing Breath | 1 | |
7 total
» buildings
| Altar of Darkness | 1 | |
| Crypt | 2 | |
| Ziggurat | 7 | |
| Graveyard | 1 | |
| Halls of the Dead | 1 | |
| Spirit Tower | 7 | |
| Black Citadel | 1 | |
| Sacrificial Pit | 1 | |
| Boneyard | 2 | |
23 total
» build order
00:14 Altar of Darkness
00:21 Crypt
00:30 Ziggurat
01:55 Graveyard
02:13 Ziggurat
02:48 Halls of the Dead
03:35 Spirit Tower
03:38 Spirit Tower
06:13 Crypt
08:41 Ziggurat
08:47 Ziggurat
09:13 Black Citadel
09:40 Spirit Tower
09:43 Spirit Tower
16:46 Sacrificial Pit
18:01 Boneyard
18:07 Boneyard
21:52 Ziggurat
21:59 Ziggurat
22:11 Ziggurat
23:43 Spirit Tower
23:46 Spirit Tower
23:48 Spirit Tower
team 2 (loser)
ralute (
blue | 47 APM | 1230 actions | 25:59)
5 Demon Hunter
2 Immolation
2 Evasion
1 Mana Burn
4 Keeper of the Grove
2 Entangling Roots
2 Thorns Aura
» actions
| Assign group hotkey | 15 | |
| Basic commands | 9 | |
| Build / train | 63 | |
| Enter build submenu | 19 | |
| Enter hero's abilities submenu | 9 | |
| Remove unit from queue | 3 | |
| Right click | 522 | |
| Select / deselect | 260 | |
| Select group hotkey | 281 | |
| Use ability | 49 | |
1230 total
» units
| Wisp | 11 | |
| Archer | 5 | |
| Huntress | 2 | |
| Chimaera | 5 | |
| Hippogryph | 6 | |
| Goblin Shredder | 1 | |
30 total
» upgrades
| Strength of the Moon | 0 | |
| Ultravision | 1 | |
| Strength of the Wild | 3 | |
| Reinforced Hides | 3 | |
| Corrosive Breath | 1 | |
| Hippogryph Taming | 1 | |
9 total
» buildings
| Moon Well | 10 | |
| Altar of Elders | 1 | |
| Ancient of War | 1 | |
| Hunter's Hall | 1 | |
| Tree of Ages | 3 | |
| Tree of Eternity | 1 | |
| Ancient of Wind | 1 | |
| Ancient of Lore | 1 | |
| Chimaera Roost | 2 | |
| Tree of Life | 1 | |
22 total
» build order
00:27 Moon Well
00:37 Altar of Elders
00:46 Ancient of War
02:04 Moon Well
02:24 Hunter's Hall
02:58 Moon Well
03:36 Tree of Ages
03:36 Tree of Ages
04:21 Moon Well
05:27 Moon Well
06:00 Tree of Eternity
06:03 Ancient of Wind
06:12 Ancient of Lore
06:30 Moon Well
08:59 Chimaera Roost
09:04 Chimaera Roost
13:46 Moon Well
14:47 Moon Well
16:24 Moon Well
21:34 Moon Well
21:43 Tree of Life
KolMowDee (
yellow | 20 APM | 1229 actions | 62:35)
8 Priestess of the Moon
3 Trueshot Aura
3 Searing Arrows
1 Starfall
1 Scout
1 Demon Hunter
1 Metamorphosis
» actions
| Assign group hotkey | 14 | |
| Basic commands | 39 | |
| Build / train | 69 | |
| Enter build submenu | 17 | |
| Enter hero's abilities submenu | 9 | |
| Give item / drop item | 3 | |
| Right click | 787 | |
| Select / deselect | 245 | |
| Select group hotkey | 11 | |
| Use ability | 35 | |
1229 total
» units
| Wisp | 9 | |
| Archer | 23 | |
| Hippogryph | 13 | |
45 total
» upgrades
| Hippogryph Taming | 1 | |
| Improved Bows | 1 | |
| Moon Armor | 3 | |
| Strength of the Moon | 3 | |
| Marksmanship | 1 | |
9 total
» buildings
| Altar of Elders | 1 | |
| Moon Well | 10 | |
| Ancient of War | 1 | |
| Tree of Ages | 1 | |
| Hunter's Hall | 1 | |
| Ancient of Wind | 2 | |
| Tree of Eternity | 1 | |
| Tree of Life | 1 | |
18 total
» build order
00:17 Altar of Elders
00:48 Moon Well
01:19 Ancient of War
01:53 Moon Well
03:02 Tree of Ages
03:16 Hunter's Hall
05:45 Ancient of Wind
05:53 Ancient of Wind
08:19 Moon Well
08:26 Moon Well
10:01 Moon Well
13:40 Moon Well
13:47 Moon Well
13:51 Moon Well
13:56 Tree of Eternity
18:12 Moon Well
18:17 Moon Well
29:16 Tree of Life
» items
| Scroll of Town Portal | 1 | |
| Potion of Lesser Invulnerability | 1 | |
| Circlet of Nobility | 1 | |
3 total
KorialStraz (
pink | 31 APM | 1388 actions | 45:01)
7 Warden
2 Fan of Knives
3 Shadow Strike
1 Blink
1 Spirit of Vengeance
» actions
| Assign group hotkey | 10 | |
| Basic commands | 64 | |
| Build / train | 96 | |
| Enter build submenu | 41 | |
| Enter hero's abilities submenu | 7 | |
| Remove unit from queue | 1 | |
| Right click | 542 | |
| Select / deselect | 452 | |
| Select group hotkey | 64 | |
| Use ability | 111 | |
1388 total
» units
| Wisp | 29 | |
| Archer | 18 | |
| Huntress | 7 | |
| Hippogryph | 23 | |
77 total
» upgrades
| Strength of the Moon | 1 | |
| Moon Armor | 1 | |
| Ultravision | 1 | |
| Hippogryph Taming | 1 | |
4 total
» buildings
| Altar of Elders | 1 | |
| Moon Well | 23 | |
| Ancient of War | 4 | |
| Hunter's Hall | 1 | |
| Tree of Ages | 2 | |
| Ancient Protector | 3 | |
| Tree of Life | 3 | |
| Ancient of Wind | 2 | |
39 total
» build order
00:05 Altar of Elders
00:11 Moon Well
00:53 Ancient of War
01:41 Moon Well
03:39 Moon Well
04:50 Hunter's Hall
06:13 Tree of Ages
06:19 Ancient Protector
06:27 Ancient Protector
06:31 Ancient Protector
08:24 Moon Well
08:31 Moon Well
08:39 Moon Well
08:47 Moon Well
12:19 Moon Well
12:21 Moon Well
12:26 Tree of Life
13:38 Tree of Ages
18:21 Tree of Ages
19:52 Ancient of War
20:18 Moon Well
20:21 Moon Well
20:23 Moon Well
21:28 Ancient of Wind
21:31 Ancient of Wind
27:48 Tree of Life
29:53 Ancient of War
30:03 Moon Well
30:05 Moon Well
30:10 Moon Well
30:12 Moon Well
30:14 Moon Well
36:43 Tree of Life
36:51 Ancient of War
36:55 Moon Well
36:57 Moon Well
36:58 Moon Well
37:00 Moon Well
37:01 Moon Well
37:03 Moon Well
» items
| Dust of Appearance | 1 | |
| Boots of Speed | 1 | |
| Periapt of Vitality | 1 | |
| Scroll of Town Portal | 1 | |
4 total
JimtheSCV (
red | 17 APM | 1196 actions | 68:35)
3 Archmage
1 Summon Water Elemental
2 Brilliance Aura
» actions
| Basic commands | 212 | |
| Build / train | 103 | |
| Enter build submenu | 24 | |
| Enter hero's abilities submenu | 3 | |
| Right click | 378 | |
| Select / deselect | 447 | |
| Use ability | 29 | |
1196 total
» units
| Peasant | 13 | |
| Siege Engine | 18 | |
| Flying Machine | 47 | |
78 total
» upgrades
| Gunpowder | 3 | |
| Plating | 3 | |
| Masonry | 1 | |
| Flak Cannons | 2 | |
| Barrage | 1 | |
| Flying Machine Bombs | 1 | |
11 total
» buildings
| Blacksmith | 1 | |
| Farm | 10 | |
| Altar of Kings | 1 | |
| Lumber Mill | 1 | |
| Scout Tower | 6 | |
| Arcane Tower | 1 | |
| Keep | 1 | |
| Guard Tower | 4 | |
| Workshop | 2 | |
| Castle | 1 | |
28 total
» build order
00:38 Blacksmith
00:50 Farm
00:54 Altar of Kings
01:32 Lumber Mill
02:31 Farm
03:35 Scout Tower
03:37 Farm
03:49 Scout Tower
04:14 Arcane Tower
04:18 Farm
04:25 Keep
04:39 Guard Tower
04:44 Farm
05:29 Farm
05:34 Scout Tower
05:39 Scout Tower
06:22 Guard Tower
06:24 Guard Tower
06:53 Workshop
06:58 Workshop
07:03 Farm
08:09 Castle
09:05 Farm
10:09 Scout Tower
10:43 Guard Tower
10:48 Scout Tower
12:14 Farm
12:57 Farm
» items
Chat log
(00:53 / Allies) CircleOfLight: teal. can you take him cuz you're undead also
(01:17 / Allies) ps_voiture: purple create siege engine
(02:14 / All) amoodhouse: guys is this game like simcity
(02:21 / All) KorialStraz: ...
(02:45 / All) amoodhouse: guys?
(02:52 / Allies) ps_voiture: wh
(02:54 / Allies) CircleOfLight: no not at all
(03:00 / Allies) CircleOfLight: it's an RTS
(03:04 / All) amoodhouse: whats rts
(03:13 / Allies) ps_voiture: create siege engine
(03:14 / Allies) CircleOfLight: real-time strategy game
(03:29 / All) amoodhouse: do you hurt ppl
(03:31 / Allies) ps_voiture: yes or no
(03:52 / Allies) CircleOfLight: me creat seige?
(03:55 / Allies) CircleOfLight: okay i will
(04:26 / All) amoodhouse: do these kill you
(04:35 / Allies) CircleOfLight: yes..
(04:40 / All) amoodhouse: ok
(04:58 / All) amoodhouse: r u ded yet
(05:38 / All) amoodhouse: r u dying
(06:48 / All) amoodhouse: how many of these do i make to win
(07:06 / Allies) CircleOfLight: ..
(07:45 / All) amoodhouse: helo jim why do you kil me
(07:56 / All) amoodhouse: i want to link with ur city
(07:59 / All) amoodhouse: can we build highway
(08:11 / All) amoodhouse: look im trading wit u
(08:25 / All) amoodhouse: we can be friends 4ever
(08:43 / All) amoodhouse: i make tree
(09:55 / All) amoodhouse: jim why do you kill the trees
(10:45 / All) amoodhouse: tree so angry
(11:05 / Allies) ps_voiture: build
(11:07 / Allies) ps_voiture: d
(11:54 / All) amoodhouse: TREEEEEEE
(12:05 / All) amoodhouse: you will all pay
(12:35 / All) amoodhouse: u will rue the day u killed the tree
(14:09 / All) CircleOfLight: we're so fucked i swear..
(14:20 / All) amoodhouse: dont curse my mom says dont curse
(14:40 / All) CircleOfLight: omg orange.. how can you be so dumb
(14:46 / All) amoodhouse: wut
(15:46 / All) amoodhouse: y does it say lend you bandaids
(16:02 / All) amoodhouse: this game makes no sense
(16:02 / All) CircleOfLight: i hate you orange..
(16:13 / All) amoodhouse: what
(16:19 / All) amoodhouse: rnt we friends
(16:27 / All) CircleOfLight: learn the game before you play on bnet
(16:31 / All) amoodhouse: wut bnet
(16:48 / All) CircleOfLight: you're not doing anything.. at all.. all you built were moon wells and trees of life
(16:53 / All) amoodhouse: wut
(17:11 / All) CircleOfLight: you have like... 40 wisps doing NOTHING
(17:14 / All) amoodhouse: wut
(17:16 / All) CircleOfLight: just floating there
(17:23 / All) amoodhouse: they are dedly look at them
(17:38 / All) CircleOfLight: no way can you be that dumb
(17:46 / All) amoodhouse: ???
(17:49 / All) CircleOfLight: this is so not a funny joke
(17:55 / All) amoodhouse: ???
(18:10 / All) CircleOfLight: at least leave so i can do something with your stuff
(18:12 / All) JimtheSCV: sending spike
(18:17 / All) amoodhouse: NOT MY STUFF
(18:46 / All) JimtheSCV: spike sending
(18:58 / Allies) ps_voiture: attk here
(19:10 / All) amoodhouse: wut r u
(19:12 / All) JimtheSCV: :E
(19:43 / All) amoodhouse: guys im almost rdy to attack
(20:32 / All) JimtheSCV: spike sent
(20:54 / All) amoodhouse: jim if i give you wonders will u be my friend
(21:12 / All) amoodhouse: jim
(21:20 / All) amoodhouse: here have wonders
(21:23 / All) amoodhouse: have them all jim
(22:00 / All) JimtheSCV: spike uploaded
(22:04 / Allies) ps_voiture: d
(22:04 / Allies) ps_voiture: d
(22:04 / Allies) ps_voiture: d
(22:05 / Allies) ps_voiture: d
(22:05 / Allies) ps_voiture: d
(22:06 / Allies) ps_voiture: d
(22:26 / All) amoodhouse: wonders jim wonders
(22:34 / All) JimtheSCV: :E
(22:52 / All) JimtheSCV: i didnt know you got xp for bsing
(23:13 / All) JimtheSCV: or are you the dumbest for falling to me? :E
(23:40 / All) amoodhouse: Ok guys
(23:42 / All) amoodhouse: I'm ready to attack
(23:45 / All) amoodhouse: who should I kill
(24:18 / All) amoodhouse: u guys rdy lets go
(26:00 / All) amoodhouse: wonders jim wonders
(26:07 / All) CircleOfLight: .. you guys had better get ready for orange's massive attack! (total sarcasm)
(26:21 / All) amoodhouse: that's the spirit
(26:57 / All) amoodhouse: i wil let u c my true power
(27:06 / All) amoodhouse: noooooooo
(27:47 / All) amoodhouse: helo hellborne
(27:50 / All) amoodhouse: i want to be ur friend
(28:05 / Allies) ps_voiture: build
(28:08 / All) amoodhouse: i will gather all of the wood
(28:10 / All) amoodhouse: all of the wood in the world
(28:11 / Allies) ps_voiture: build
(28:20 / Allies) CircleOfLight: i got nopthing left
(30:28 / All) CircleOfLight: god damnit orange you son of a bitch..y ou're seriously the worst person i have ever played with..
(30:38 / All) amoodhouse: wut im good at simcity
(30:50 / All) CircleOfLight: guys you all win.. he fucking just unsommoned all of our buildings
(30:57 / All) CircleOfLight: he's such a mornon
(31:13 / All) CircleOfLight: i wish you'd go kill yourself oeange
(31:18 / All) amoodhouse: k
(31:25 / All) CircleOfLight: you're the only peron i'm ever black listing..
(31:33 / All) amoodhouse: not that
(31:33 / All) KorialStraz: hey purp
(31:41 / All) KorialStraz: red took out all his teams bases
(38:43 / All) KolMowDee: your not goign to win
(38:52 / All) amoodhouse: but I can waste your time
(38:58 / All) KolMowDee: yes you can
(42:43 / All) amoodhouse: Enjoying me wasting your time?
(42:44 / All) amoodhouse: Because I am
(43:04 / All) KolMowDee: whatever
(43:11 / All) KolMowDee: im not doing anything
(43:16 / All) KorialStraz: we cant
(43:21 / All) KorialStraz: cus red is killing us
(43:34 / All) KolMowDee: imean, i have nothging better to do, why not play this
(43:55 / All) amoodhouse: Nice existance
(45:57 / All) KolMowDee: i could do this for hours
(47:58 / All) KolMowDee: orange u won get the win unless i leave
(48:02 / All) KolMowDee: and im notgaan leave
(48:09 / All) JimtheSCV: not if i kill you then myself fool
(48:17 / All) amoodhouse: But I will waste your time
(48:21 / All) KolMowDee: no. aslong as my team wins, i win
(48:29 / All) amoodhouse: He could kill you then kill himself
(48:34 / All) KolMowDee: true
(48:39 / All) JimtheSCV: :E
(48:42 / All) KolMowDee: he could
(48:45 / All) amoodhouse: He might
(48:50 / All) amoodhouse: Look at those beady eyes
(48:50 / All) KolMowDee: true
(48:53 / All) amoodhouse: Just to spite you, he might
(48:59 / All) KolMowDee: i dont care
(49:05 / All) JimtheSCV: but you just said you did
(49:15 / All) KolMowDee: no i never said i cared
(49:59 / All) amoodhouse: I was going to stop building
(50:03 / All) amoodhouse: But you've inspired me to continue
(50:08 / All) KolMowDee: ok
(50:31 / All) JimtheSCV: why do i hear yakety sax in my head
(50:34 / All) amoodhouse: :E
(50:37 / All) amoodhouse: I don't know :E
(50:51 / All) amoodhouse: The blight will soon cover the world
(52:08 / All) JimtheSCV: mr mood house there is but one thing you can do to win same goes for you team mate
(52:26 / All) JimtheSCV: your heroes must defeat each other in combat whoever wins i will kill the losers team
(52:32 / All) amoodhouse: But I have no hero :(
(52:37 / All) JimtheSCV: i will call off my copters to make it fair
(52:38 / All) amoodhouse: Give me a sec, I will make one
(52:39 / All) JimtheSCV: gather money
(52:40 / All) KolMowDee: hehe
(52:48 / All) amoodhouse: We shall have a hero duel, my friend
(52:52 / All) amoodhouse: A duel to the death
(53:05 / All) JimtheSCV: you must meet in the center of the map
(53:11 / All) amoodhouse: So be it, game master
(53:13 / All) amoodhouse: So be it
(54:16 / All) JimtheSCV: say when you are ready
(54:26 / All) amoodhouse: I've just begun the resurrection process
(54:48 / All) KolMowDee: what lvl ur hero?
(54:52 / All) amoodhouse: I don't know
(54:53 / All) amoodhouse: :)
(54:58 / All) amoodhouse: A risk we all have to take, now isn't it
(55:09 / All) KolMowDee: it desnt matter
(55:14 / All) KolMowDee: i was just wondering
(55:24 / All) KolMowDee: he was 7 last time i saw him
(55:25 / All) JimtheSCV: you may kite if you wish once the duel begins
(55:42 / All) JimtheSCV: there are no restrictions other then it must begin in the middle
(55:49 / All) amoodhouse: Ok
(55:49 / All) KolMowDee: and onl;y your hero
(56:05 / All) amoodhouse: Let us duel at dawn
(56:07 / All) JimtheSCV: yes only your hero i have killed everything except for the potm
(56:10 / All) amoodhouse: I head to the middle
(56:19 / All) amoodhouse: Insurance :)
(56:33 / All) JimtheSCV: the structure in the middle shall be the fighting ground
(56:42 / All) KolMowDee: kk
(57:10 / All) amoodhouse: Come, duel me
(57:19 / All) JimtheSCV: dun dun dun
(57:32 / All) JimtheSCV: the tavern is where it shall be or whatever that is
(57:36 / All) KolMowDee: sorry didnt know you were ready
(57:40 / All) amoodhouse: Let us begin
(57:59 / All) amoodhouse: You fail
(58:05 / All) amoodhouse: you soul is mine
(58:10 / All) JimtheSCV: im afraid you have failed
(58:11 / All) KolMowDee: but the infernal isnt your hero
(58:14 / All) JimtheSCV: i must kill myself
(58:17 / All) JimtheSCV: i said no restrictions
(58:25 / All) KolMowDee: but you said only hero
(58:27 / All) JimtheSCV: spells are alright to use
(58:30 / All) amoodhouse: Indeed
(58:36 / All) JimtheSCV: thats why i said no restrictions to make it clear
(58:37 / All) amoodhouse: It doesn't matter
(58:40 / All) amoodhouse: I have created helm's deep
(58:44 / All) amoodhouse: No army has breached the deeping wall
(58:46 / All) JimtheSCV: i am the only one alive
(58:49 / All) amoodhouse: Or set foot inside the hornberg
(59:26 / All) JimtheSCV: b/c i fight honorably
(59:42 / All) amoodhouse: May I watch the end?
(59:57 / All) JimtheSCV: killing your teammates to make them strong is most honorable
(60:01 / All) amoodhouse: Indeed
(60:13 / All) JimtheSCV: there is one more condition for your victory orange
(60:22 / All) JimtheSCV: build me a giant wall of towers
(60:27 / All) amoodhouse: I have done so, sith lord
(60:35 / All) amoodhouse: Check to the north and little west
(60:38 / All) amoodhouse: It is helm's deep
(60:46 / All) amoodhouse: However, there is no way out of that ravine
(61:19 / All) amoodhouse: If it isn't enough towers, well, I can't muster anymore than that
(61:32 / All) JimtheSCV: was that it?
(61:34 / All) amoodhouse: It does have a black citadel though
(61:37 / All) amoodhouse: I'm afraid so
(61:43 / All) amoodhouse: I used about 8000 gold making townhalls
(61:52 / All) JimtheSCV: we must have more
(61:55 / All) JimtheSCV: more towers
(62:15 / All) JimtheSCV: you must leave the scout tower alive for the moment
(62:21 / All) amoodhouse: So be it
(62:38 / All) amoodhouse: Sleep, little peasant
(62:39 / All) amoodhouse: Sleep
(62:46 / All) amoodhouse: Dream of the good days
(62:54 / All) amoodhouse: haha, he left
(62:58 / All) amoodhouse: You can take the win if you want
(63:02 / All) JimtheSCV: :E
(63:05 / All) amoodhouse: Although it will take me a while to unsummon everything
(63:08 / All) JimtheSCV: it doesnt matter
(63:12 / All) amoodhouse: I know
(63:18 / All) JimtheSCV: i know that in my mind i won :E
(63:21 / All) JimtheSCV: a complete victory
(63:22 / All) amoodhouse: You did win
(63:25 / All) amoodhouse: I should leave
(63:29 / All) amoodhouse: And grant you victory
(63:30 / All) JimtheSCV: but wait
(63:34 / All) JimtheSCV: we must have a sacrifice
(63:38 / All) amoodhouse: What?
(63:43 / All) JimtheSCV: my gyrocopters
(63:53 / All) amoodhouse: Gyrocopters vs dreadlord
(63:56 / All) amoodhouse: We must have a duel
(64:00 / All) JimtheSCV: the must be sacrificed to the towers
(64:08 / All) amoodhouse: Noooo
(64:09 / All) JimtheSCV: wait
(64:10 / All) amoodhouse: Not the gyros
(64:12 / All) JimtheSCV: the peasant is sleepy
(64:14 / All) JimtheSCV: come back
(64:19 / All) amoodhouse: Peasant!
(64:28 / All) amoodhouse: Sleep, peasant
(64:30 / All) amoodhouse: Sleep for eternity
(64:40 / All) JimtheSCV: so tired
(65:15 / All) JimtheSCV: i cant believe i killed them all
(65:20 / All) amoodhouse: With gyros
(65:22 / All) amoodhouse: They suck so much
(65:25 / All) JimtheSCV: and steam tanks
(65:25 / All) amoodhouse: I saw you chasing their heros
(65:27 / All) amoodhouse: That was hilarious
(65:33 / All) amoodhouse: THEY CAME FROM BEHIND
(65:34 / All) JimtheSCV: thats why i was hearing yakety sax
(66:06 / All) amoodhouse: Can the peasant live?
(66:07 / All) JimtheSCV: whats this another peasant is tired
(66:09 / All) amoodhouse: He is my friend
(66:20 / All) amoodhouse: NO
(66:22 / All) JimtheSCV: a murderer comes for him
(66:25 / All) JimtheSCV: or not
(66:30 / All) amoodhouse: I don't like that peasant
(66:41 / All) JimtheSCV: i could end this all with my copters of doom
(66:47 / All) JimtheSCV: end the life of the poor peasant
(66:50 / All) JimtheSCV: if i wished
(66:51 / All) amoodhouse: I won't let you
(67:01 / All) amoodhouse: He is my friend
(67:24 / All) JimtheSCV: well
(67:54 / All) JimtheSCV: nooooo
(68:01 / All) amoodhouse: I guess it ends now
(68:04 / All) JimtheSCV: how could you
(68:09 / All) amoodhouse: NO
(68:17 / All) amoodhouse: THEY CAN SEE INVIS MY GOD THEY CAN SEE ME
(68:21 / All) JimtheSCV: :E